 Dungeon Crawl Stone Soup version 0.24-a0-355-gbe4061de67 (webtiles) character file.

Game seed: 904982342956183300

714 ohad the Carver (level 8, -7/58 HPs)
             Began as a Formicid Fighter on May 24, 2019.
             Mangled by an ice beast (14 damage)
             ... on level 6 of the Dungeon.
             The game lasted 00:09:43 (3783 turns).

ohad the Carver (Formicid Fighter)                  Turns: 3783, Time: 00:09:43

Health: -7/58      AC:  6    Str: 21    XL:     8   Next: 1%
Magic:  8/8        EV:  7    Int:  8    God:
Gold:   180        SH: 10    Dex: 12    Spells: 7/7 levels left

rFire    . . .     SeeInvis +   a - +0 long sword
rCold    . . .     Gourm    .   c - +1 shield
rNeg     . . .     Faith    .   b - +0 scale mail
rPois    +         Spirit   .   (helmet unavailable)
rElec    .         Reflect  .   (no cloak)
rCorr    .         Harm     .   (no gloves)
MR       .....                  (no boots)
Stlth    ..........             (no amulet)
HPRegen  0.19/turn              r - ring of poison resistance
MPRegen  0.11/turn              (no ring)

@: no status effects
A: permanent stasis, dig shafts and tunnels, four strong arms, antennae 3
a: Dig, Shaft Self


You were on level 6 of the Dungeon.
You were near starving.

You visited 1 branch of the dungeon, and saw 6 of its levels.

You collected 180 gold pieces.

Inventory:

Hand Weapons
 a - a +0 long sword (weapon)
 d - a +4 flail of protection
Missiles
 e - 45 bolts
 m - 12 boomerangs (quivered)
Armour
 b - a +0 scale mail (worn)
 c - a +1 shield (worn)
Jewellery
 o - an uncursed ring of fire
 r - a ring of poison resistance (left hand)
 s - an uncursed ring of flight
Wands
 g - a wand of disintegration (13)
Scrolls
 h - 2 scrolls of remove curse
 i - a scroll of teleportation {unknown}
 l - a scroll of blinking
 n - a scroll of enchant armour
Potions
 j - a potion of curing
 p - a potion of invisibility
 q - a potion of flight
 t - a potion of brilliance
 v - 2 potions of heal wounds {unknown}
Comestibles
 f - 4 rations


   Skills:
 - Level 3.2 Fighting
 + Level 8.5 Long Blades
 - Level 3.2 Armour
 - Level 3.6 Shields


You had 7 spell levels left.
You didn't know any spells.
Your spell library was empty.

Dungeon Overview and Level Annotations

Branches:
Dungeon (7/15)
 Temple: D:4-7

Altars:
Xom


Innate Abilities, Weirdness & Mutations

You cannot be hasted, slowed, berserked, paralysed or teleported.
You can dig through walls and to a lower floor.
Your four strong arms can wield two-handed weapons with a shield.
You have a pair of large antennae on your head. (SInv)


Message History

The ice beast is heavily wounded.
The ice beast hits you but does no damage.
You barely miss the ice beast.
The ice beast is heavily wounded.
The ice beast barely misses you.
You slash the ice beast!
The ice beast is severely wounded.
The ice beast hits you.
* * * LOW HITPOINT WARNING * * *
The ice beast freezes you.
* * * LOW HITPOINT WARNING * * *
You closely miss the ice beast.
The ice beast is severely wounded.
You block the ice beast's attack.
You hit the ice beast.
The ice beast is almost dead.
The ice beast hits you.
* * * LOW HITPOINT WARNING * * *
The ice beast freezes you!
You die...

#..........###......#
#....##....##.......#
#.##. #.............#
#.##..#....#..#.....#
........###........#
..###....##.....#..#
#.......### ##..#.#
#.........# ##Y.###
...##.#..#.# #@#...#
.###..##.#)# #####.#
#.# #...######..# ..
#..........## .#
##.........###
...............#
.###........####
###..##.## #..###.#


You could see an ice beast.

Vanquished Creatures
  Edmund (D:6)
  A centaur (D:6)
  Blork the orc (D:6)
  A bullfrog (D:6)
  2 scorpions (D:6)
  A crimson imp (D:3)
  A worker ant (D:4)
  An orc wizard (D:4)
  4 adders
  6 gnolls
  An ooze (D:1)
  6 worms
  A dart slug (D:1)
  2 leopard geckos
  7 orcs
  7 bats
  3 giant cockroaches (D:3)
  6 goblins
  5 hobgoblins
  12 jackals
  A quokka (D:6)
  A ball python (D:1)
  5 frilled lizards
  A jackal zombie (D:6)
  10 kobolds
  7 rats
94 creatures vanquished.

Notes
Turn   | Place    | Note
-------+----------+-------------------------------------------
     0 | D:1      | ohad the Formicid Fighter began the quest for the Orb.
     0 | D:1      | Reached XP level 1. HP: 18/18 MP: 1/1
    57 | D:1      | Reached XP level 2. HP: 24/24 MP: 2/2
   312 | D:1      | Reached skill level 3 in Long Blades
   385 | D:1      | Reached XP level 3. HP: 28/29 MP: 3/3
   930 | D:2      | Reached skill level 4 in Long Blades
   930 | D:2      | Reached XP level 4. HP: 12/35 MP: 4/4
  1432 | D:2      | Reached XP level 5. HP: 25/41 MP: 5/5
  1752 | D:2      | Reached skill level 5 in Long Blades
  1771 | D:2      | Found a shimmering altar of Xom.
  2217 | D:3      | Reached skill level 6 in Long Blades
  2217 | D:3      | Reached XP level 6. HP: 28/47 MP: 6/6
  3082 | D:4      | You fall into a shaft and drop 3 floors!
  3089 | D:6      | Noticed Edmund
  3096 | D:6      | Killed Edmund
  3096 | D:6      | Reached skill level 7 in Long Blades
  3096 | D:6      | Reached XP level 7. HP: 51/52 MP: 7/7
  3128 | D:6      | HP: 1/52 [scorpion (4)]
  3430 | D:6      | Noticed Blork the orc
  3438 | D:6      | Killed Blork the orc
  3438 | D:6      | Reached skill level 8 in Long Blades
  3763 | D:6      | Reached XP level 8. HP: 21/58 MP: 8/8
  3783 | D:6      | Mangled by an ice beast

Levels and vault maps discovered:
D:1:      lightli_arrival_maybe_door_vault, layout_basic
D:2:      layout_rooms, tgw_xom, minmay_misc_feat_alley, interstate_on_off
D:3:      layout_rooms
D:4:      layout_basic, makhleb_grotto_becter, minmay_temple_entry_junction_2,
          first_ration, kennysheep_generic_room_8
D:6:      layout_rooms, minmay_misc_feat_rugged, uniq_blork_the_orc,
          uniq_edmund, uniq_duvessa
D:7:      layout_cave_pools, marbit_many_paths, kennysheep_mini,
          lemuel_doored_altar, grunt_ogre_cave

Skill      XL: |  1  2  3  4  5  6  7 |
---------------+----------------------+-----
Long Blades    | 3 4 6 7 8 |  8.5
Fighting       | |  3.2
Armour         | |  3.2
Shields        | |  3.6

Action                   |  1- 3 |  4- 6 |  7- 9 || total
-------------------------+-------+-------+-------++-------
Melee: Long sword        |   113 |   204 |    70 ||   387
 Abil: Dig               |       |       |     1 ||     1
  Use: Scroll            |       |     9 |       ||     9
       Potion            |       |     1 |     2 ||     3
  Eat: Chunk             |       |     8 |       ||     8
Armor: Scale mail        |    57 |    55 |    18 ||   130
Dodge: Dodged            |    49 |    49 |    12 ||   110
Block: Shield            |    88 |   102 |    26 ||   216
       Rpst.: Long sword |    12 |    23 |     5 ||    40

Table legend:
 A = Non-vault XP
 B = Vault XP
 C = Vault XP percentage of total XP
 D = Non-vault monster count
 E = Vault monster count
 F = Vault count percentage of total count
                 A         B        C        D         E       F
            +---------+---------+-------+---------+---------+-------
      Total |     749 |     271 |  26.6 |      85 |       9 |   9.6
            +---------+---------+-------+---------+---------+-------
        D:1 |      51 |       0 |   0.0 |      27 |       0 |   0.0
        D:2 |     117 |      17 |  12.7 |      21 |       7 |  25.0
        D:3 |     156 |       0 |   0.0 |      27 |       0 |   0.0
        D:4 |      77 |       0 |   0.0 |       4 |       0 |   0.0
        D:6 |     348 |     254 |  42.2 |       6 |       2 |  25.0
            +---------+---------+-------+---------+---------+-------
